 Dungeon Crawl Stone Soup version 0.29.1-12-g30fa7ad0bf (webtiles) character file.

Game seed: 6344969441860512539

1642 FexLirch the Grappler (level 8, -4/80 HPs)
             Began as a Troll Fighter on Dec 22, 2022.
             Slain by an orc warrior
             ... wielding a +0 battleaxe
              (26 damage)
             ... in a bailey.
             The game lasted 00:40:58 (6299 turns).

FexLirch the Grappler (Troll Fighter)               Turns: 6299, Time: 00:40:58

Health: -4/80      AC:  4    Str: 25    XL:     8   Next: 67%
Magic:  7/7        EV:  8    Int: 12    God:
Gold:   788        SH:  8    Dex:  9    Spells: 4/7 levels left

rFire   . . .      SeeInvis +     - Unarmed
rCold   . . .      Faith    .   b - +0 kite shield
rNeg    . . .      Spirit   .   a - +0 robe
rPois   .          Reflect  .   (helmet restricted)
rElec   .          Harm     .   (no cloak)
rCorr   .          Rampage  .   (gloves unavailable)
Will    .....                   (boots unavailable)
Stlth   +.........              (no amulet)
HPRegen 1.03/turn               l - ring of see invisible
MPRegen 0.10/turn               y - +6 ring of intelligence

@: flying
A: large, unfitting armour, claws 3, regeneration 1, shaggy fur 1, tough skin 1
a: no special abilities


You were in a bailey.
You visited 2 branches of the dungeon, and saw 8 of its levels.
You also visited: Bailey.

You collected 830 gold pieces.
You spent 42 gold pieces at shops.

Inventory:

Hand Weapons
 p - a +0 sling
Missiles
 c - a throwing net
 e - 48 stones
 v - 2 atropa-tipped darts
 x - 3 poisoned darts (quivered)
 C - 21 boomerangs
Armour
 a - a +0 robe (worn)
 b - a +0 kite shield (worn)
Magical Staves
 B - a staff of air
Jewellery
 l - a ring of see invisible (left claw)
 m - a ring of willpower
 y - a +6 ring of intelligence (right claw)
 E - the ring of Wore {Fly rC+}
   (You took it off a kobold in a bailey)

   [ring of flight]

   rC:        It protects you from cold.
   Fly:       It grants you flight.
Wands
 s - a wand of polymorph (5)
Scrolls
 d - a scroll of acquirement {unknown}
 f - 2 scrolls of magic mapping {unknown}
 h - 2 scrolls of blinking {unknown}
 o - a scroll of teleportation
 q - 2 scrolls of butterflies
 t - 2 scrolls of enchant armour {unknown}
 w - 2 scrolls of fear {unknown}
Potions
 g - a potion of mutation {unknown}
 i - 4 potions of curing
 j - 3 potions of brilliance
 k - a potion of resistance
 n - 3 potions of heal wounds
 r - a potion of lignification {unknown}
 u - a potion of experience {unknown}
 z - a potion of cancellation {unknown}
 A - a potion of degeneration {unknown}
 D - a potion of flight


   Skills:
 + Level 5.2 Fighting
 - Level 2.4 Dodging
 + Level 5.7 Shields
 * Level 8.1 Unarmed Combat


You had 4 spell levels left.
You knew the following spells:

 Your Spells              Type           Power      Damage    Failure   Level
a - Beastly Appendage     Tmut           0%         N/A       56%         1
b - Wereblood             Tmut           0%         N/A       71%         2

Your spell library contained the following spells:

 Spells                   Type           Power      Damage    Failure   Level
 Apportation              Tloc           0%         N/A       56%         1
 Spider Form              Tmut/Pois      0%         N/A       91%         3
 Hailstorm                Conj/Ice       0%         3d3       100%        4
 Ice Form                 Ice/Tmut       0%         N/A       100%        4
 Alistair's Intoxication  Tmut/Pois      0%         N/A       100%        5
 Simulacrum               Ice/Necr       0%         N/A       100%        6


Dungeon Overview and Level Annotations

Branches:
Dungeon (7/15)             Temple (1/1) D:7          Bailey (1/1)

Altars:
Ashenzari
Cheibriados
Dithmenos
Elyvilon
Fedhas
Gozag
Hepliaklqana
Kikubaaqudgha
Makhleb
Nemelex Xobeh
Ru
Trog
Uskayaw
Vehumet
Xom
Zin

Shops:
D:3 *   D:6 (   D:7 *

Annotations:
D:1 exclusion: downstairs
D:2 exclusion: downstairs
D:6 Grinder
D:7 exclusion: 2 electric eels


Innate Abilities, Weirdness & Mutations

You are too large for most types of armour.
You have claws for hands.
Your natural rate of healing is unusually fast.
You are covered in fur. (AC +1)
You have tough skin. (AC +1)


Message History

Press: ? - help, v - describe, . - travel
Here: an orc warrior, wielding a +0 battleaxe and wearing a +0 plate armour (strong)
The floor.
Unknown command.
Throw: 4 darts (poison)
Press: ? - help, Q - select action, (/) - cycle Shift-Dir - straight line, f/p - orc knight
Aim: an orc knight, wielding a +0 broad axe and wearing a +0 chain mail (poisoned, 52% to hit)
Okay, then.
Unknown command.
Throw: 3 darts (atropa)
Press: ? - help, Q - select action, (/) - cycle Shift-Dir - straight line, f/p - orc knight
Aim: an orc knight, wielding a +0 broad axe and wearing a +0 chain mail (poisoned, 52% to hit, chance to blind on hit: 3%)
You throw an atropa-tipped dart.
The atropa-tipped dart hits the orc warrior.
The orc warrior resists.
You hear a splash.
Throw: 4 darts (poison)
Press: ? - help, Q - select action, (/) - cycle Shift-Dir - straight line, f/p - orc knight
Aim: an orc knight, wielding a +0 broad axe and wearing a +0 chain mail (lightly wounded, poisoned, 52% to hit)
You throw a poisoned dart. The poisoned dart hits the orc warrior.
The orc warrior is poisoned.
You hear a splash.
A gnoll comes into view. It is wielding a +0 war axe.
Okay, then.
Unknown command.
The gnoll shouts!
You claw the orc warrior!
The orc warrior is heavily wounded.
You feel very buoyant.
You fly up into the air.
You block the orc warrior's attack.
You scratch the orc warrior.
The orc warrior is severely wounded.
The orc knight looks more healthy.
The orc warrior hits you with a +0 battleaxe!!!
The orc warrior attacks as you move away!
The orc warrior hits you with a +0 battleaxe!!
* * * LOW HITPOINT WARNING * * *
The orc warrior attacks as you move away!
The orc warrior hits you with a +0 battleaxe!!
You die...

.#########...........##
##)#.........##
#..#.((.(.....#
#..###(......## '. ####..'
#.....### #. ...
....###......###### #.
####'####..#..g...≈≈≈≈≈≈≈#
####....K..####.≈≈(≈≈≈≈≈≈≈###
≈≈∩#...!oo.#∩≈≈≈@≈≈)....###
≈≈≈#########≈≈≈≈≈o.....##
#≈≈≈≈≈≈≈≈≈≈≈≈≈≈..o....##
#.≈≈≈≈≈≈≈.........###
##.............####
##..∩......#### ##.......###
##.....#### ##...####


You could see an orc knight, an orc warrior (strong, poisoned) and a gnoll.

Vanquished Creatures
  A steam dragon (D:6)
  A water moccasin (D:6)
  An ice beast (D:5)
  3 orc warriors (Bailey)
  A black bear (D:5)
  A centaur (D:5)
  A kobold brigand (D:7)
  A necrophage (D:5)
  2 scorpions (D:5)
  A howler monkey (D:5)
  4 hounds
  A gnoll bouda (D:3)
  An iguana (D:5)
  Natasha (D:2)
  Terence (D:2)
  9 adders
  14 gnolls
  A white imp (D:3)
  An ufetubus (D:6)
  3 worms
  A dart slug (D:5)
  7 orcs
  7 ball pythons
  3 bats
  6 endoplasms
  2 giant cockroaches
  7 hobgoblins
  4 jackals (D:2)
  26 kobolds
  3 quokkas
  14 frilled lizards
  13 goblins
  6 rats
148 creatures vanquished.

Vanquished Creatures (others)
  2 plants (D:5)
2 creatures vanquished.

Grand Total: 150 creatures vanquished

Notes
Turn   | Place    | Note
-------+----------+-------------------------------------------
     0 | D:1      | FexLirch the Troll Fighter began the quest for the Orb.
     0 | D:1      | Reached XP level 1. HP: 22/22 MP: 0/0
    90 | D:1      | Reached XP level 2. HP: 29/29 MP: 1/1
   780 | D:2      | Noticed Terence
   856 | D:2      | Reached skill level 3 in Unarmed Combat
   856 | D:2      | Reached XP level 3. HP: 24/36 MP: 2/2
   967 | D:2      | Learned a level 1 spell: Beastly Appendage
  1132 | D:3      | Found Ufool's General Store.
  1137 | D:3      | Bought a scroll of teleportation for 42 gold pieces
  1193 | D:3      | Reached XP level 4. HP: 44/44 MP: 3/3
  1320 | D:3      | Noticed a black bear
  1384 | D:2      | Killed Terence
  1416 | D:2      | Learned a level 2 spell: Wereblood
  1466 | D:2      | Noticed Natasha
  1472 | D:2      | Killed Natasha
  1473 | D:2      | Reached skill level 4 in Unarmed Combat
  1473 | D:2      | Reached XP level 5. HP: 53/53 MP: 4/4
  2144 | D:3      | Reached XP level 6. HP: 18/61 MP: 5/5
  2452 | D:3      | Found a shadowy altar of Dithmenos.
  3033 | D:4      | Reached skill level 5 in Unarmed Combat
  3405 | D:5      | Entered Level 5 of the Dungeon
  3630 | D:5      | Reached XP level 7. HP: 37/68 MP: 6/6
  3870 | D:5      | Reached skill level 6 in Unarmed Combat
  4681 | D:6      | Found Juteptil's Antique Weapon Emporium.
  4710 | D:6      | Found a burning altar of Makhleb.
  4788 | D:6      | Reached skill level 5 in Shields
  4788 | D:6      | Reached skill level 7 in Unarmed Combat
  4788 | D:6      | Reached XP level 8. HP: 35/79 MP: 7/7
  4873 | D:6      | Noticed Grinder
  5068 | D:6      | Paralysed by Grinder for 3 turns
  5601 | D:7      | Found Gaheowk's General Store.
  5611 | D:7      | Found a staircase to the Ecumenical Temple.
  5618 | Temple   | Entered the Ecumenical Temple
  5746 | D:7      | Noticed a two-headed ogre
  5778 | D:7      | Found a flagged portal.
  5919 | Bailey   | Entered a bailey
  5971 | Bailey   | Reached skill level 5 in Fighting
  6003 | Bailey   | Identified the ring of Wore {Fly rC+}
  6104 | Bailey   | Noticed an orc knight
  6236 | Bailey   | Reached skill level 8 in Unarmed Combat
  6299 | Bailey   | Slain by an orc warrior

Illustrated notes

Levels and vault maps discovered:
D:1:      dpeg_arrival_morbid_curiosity, layout_basic, minmay_lizard_pond
D:2:      layout_loops_cross, serial_glass, glass_columns_b, glass_columns_c,
          glass_columns_b, glass_columns_a, glass_columns_a, glass_columns_c,
          glass_columns_a, glass_columns_b, uniq_terence, uniq_natasha
D:3:      layout_basic, mainiacjoe_overflow_surrounded_room, serial_shops, shop,
          hangedman_glass_teeth, grunt_decor_clamped, minmay_misc_feat_columns,
          nicolae_elevator_lobby_plus
D:4:      layout_basic
D:5:      minmay_angry_zag, layout_cave_pods, guppyfry_early_lair_pool
D:6:      layout_basic, mainiacjoe_overflow_alcove_3, bloody_makhleb,
          nicolae_stop_n_shop_1, hangedman_abyss_or_decor_passed,
          feat_on_display, uniq_grinder
D:7:      layout_loops_corners, mainiacjoe_overflow_catch_the_wave,
          minmay_temple_entry_mini_moons, enter_bailey_3, serial_shops,
          nicolae_shop_crystal, fountainhead
Temple:   nicolae_temple_ecumenical_triangle
Bailey:   bailey_axe_4, bailey

Skill      XL: |  1  2  3  4  5  6  7  8 |
---------------+-------------------------+-----
Shields        | 3 4 5 |  5.7
Unarmed Combat | 3 4 5 7 8 |  8.1
Fighting       | 3 4 5 |  5.2
Dodging        | |  2.4

Action                   |  1- 3 |  4- 6 |  7- 9 || total
-------------------------+-------+-------+-------++-------
Melee: Unarmed           |   131 |   122 |   195 ||   448
       Kick              |       |     1 |     5 ||     6
       Headbutt          |       |       |     1 ||     1
 Fire: Sling             |       |    23 |    11 ||    34
Throw: Stone             |     5 |       |       ||     5
       Dart              |       |       |     6 ||     6
       Boomerang         |       |       |     3 ||     3
 Cast: Beastly Appendage |       |     1 |     3 ||     4
  Use: Potion            |       |     1 |     1 ||     2
       Scroll            |       |     3 |     3 ||     6
 Stab: Sleeping          |     1 |     1 |       ||     2
Armor: Robe              |    40 |    28 |    37 ||   105
Dodge: Dodged            |    34 |    27 |    59 ||   120
Block: Kite shield       |    38 |    39 |    74 ||   151
